[Event "Indian Rapid Championship 2023-24"]
[Site "Nashik"]
[Date "2024.03.05"]
[Round "7.3"]
[White "Sengupta, Deep"]
[Black "Hari Madhavan N B"]
[Result "1/2-1/2"]
[ECO "C02"]
[WhiteElo "2500"]
[BlackElo "2395"]
[Annotator "TA"]
[PlyCount "93"]
[EventDate "2024.03.02"]
[EventType "swiss"]
[EventCountry "IND"]
[SourceTitle "playchess.com"]
[Source "ChessBase"]
[SourceQuality "1"]
[TimeControl "900+10"]

1. e4 e6 2. d4 d5 3. e5 c5 4. c3 Nc6 5. Nf3 Qb6 6. Bd3 Bd7 7. O-O cxd4 8. Re1 Nh6 9. h3 Nf5 {[%emt 0:00:06] Black has an edge.} 10. Bxf5 exf5 11. cxd4 h6 12. Nc3 Be6 13. h4 Be7 14. Na4 Qb5 15. Be3 O-O 16. Nc5 Bxc5 17. dxc5 Qxb2 18. Nd4 f4 (18... Nxe5 $2 19. Nxe6 (19. Bxh6 Ng4 $14) 19... fxe6 20. Bd4 $18) 19. Rb1 Qxa2 20. Bxf4 Nxd4 21. Qxd4 Qc4 22. Qd2 Kh7 (22... Qxc5 $15 23. Bxh6 Rfc8 (23... gxh6 24. Qxh6 Qc2 25. Rb3 $11) 24. Bxg7 (24. Qg5 Qf8 $11) 24... Kxg7 25. Qg5+ Kf8 26. Rxb7 Ke8) 23. Rec1 Qe4 24. Rxb7 d4 25. Rb4 ({Much weaker is} 25. c6 a5 $11) 25... Rfd8 26. Rd1 {[%emt 0:01:09] White is weak on the light squares} (26. f3 $14 Qc6 27. Rxd4 Rxd4 28. Qxd4) 26... Rac8 $11 27. Rxd4 (27. f3 {is interesting.} Qc6 28. Rxd4 Rxd4 29. Qxd4 Qxc5 30. Be3) 27... Rxd4 $40 {[%emt 0:00:04][%mdl 128] Black is up to no good.} 28. Qxd4 Qxd4 29. Rxd4 Rxc5 {[%emt 0:00:02][%mdl 4096] Endgame. KRB-KRB} 30. Rd8 a5 31. Ra8 Rc4 32. Be3 a4 33. Ra7 (33. g3 $11 {is superior.}) 33... Rxh4 $17 34. f4 Bb3 35. g3 {[%emt 0:00:02] [#]} Rg4 36. Kf2 {[%emt 0:00:20] [#]} Rg6 (36... Kg6 $1 $17 37. e6 fxe6 (37... Bxe6 38. Rxa4 h5 39. Ra1 $11)) 37. f5 $11 Rc6 {[%emt 0:00:01] The position is equal.} 38. e6 fxe6 39. Bd4 Rc2+ (39... exf5 $2 {loses.} 40. Rxg7+ Kh8 41. Rc7+ Kg8 42. Rxc6 $18) 40. Ke3 exf5 41. Rxg7+ Kh8 42. Rg6+ Kh7 43. Rg7+ Kh8 44. Rg5+ Kh7 45. Rg7+ Kh8 46. Rg6+ Kh7 47. Rg7+ {[%emt 0:00:19] Weighted Error Value: White=0.09 (flawless) /Black=0.11 (very precise) .  Mistake:       	White=2     	Black=2      Inaccurate:     	White=4     	Black=2      OK:         	White=17    	Black=19     Best:        	White=3     	---} 1/2-1/2

[Event "Indian Rapid Championship 2023-24"]
[Site "Nashik"]
[Date "2024.03.05"]
[Round "7.4"]
[White "Ghosh, Diptayan"]
[Black "Ravi, Teja S."]
[Result "1-0"]
[ECO "A11"]
[WhiteElo "2559"]
[BlackElo "2437"]
[Annotator "TA"]
[PlyCount "159"]
[EventDate "2024.03.02"]
[EventType "swiss"]
[EventCountry "IND"]
[SourceTitle "playchess.com"]
[Source "ChessBase"]
[SourceQuality "1"]
[TimeControl "900+10"]

1. Nf3 d5 2. e3 Nf6 3. c4 c6 4. Nc3 Bg4 5. cxd5 Bxf3 6. Qxf3 cxd5 7. Bb5+ Nc6 8. Bxc6+ bxc6 9. b3 e6 10. Bb2 Bd6 11. O-O O-O 12. Rac1 Qe7 13. Na4 c5 14. Bxf6 gxf6 15. d3 f5 16. Rc2 Rac8 17. Rfc1 Rc7 18. g3 Rfc8 19. e4 fxe4 20. dxe4 dxe4 21. Qxe4 Qf6 22. Kg2 Bf8 23. Rc4 Kh8 24. R1c3 Qg6 25. Qf3 Bg7 26. Rxc5 Rxc5 27. Rxc5 Rf8 28. Rc7 Bd4 29. Nc5 e5 30. Rc6 e4 31. Qxe4 Qxe4+ 32. Nxe4 Bb6 33. Kf3 Kg7 34. Nd6 Rd8 35. Nf5+ Kf8 36. Rc2 f6 37. Ne3 Rd3 38. Ke2 Rd7 39. Nc4 Bc7 40. Rd2 Re7+ 41. Kf3 Kf7 42. Rd5 Kg6 43. h4 h5 44. Ne3 Be5 45. Nc4 Bc7 $1 46. Rc5 Rd7 47. Ne3 Bb6 48. Rd5 Rc7 49. Nc4 Bc5 50. Kg2 Rc6 51. f3 Bb4 52. g4 hxg4 53. fxg4 Ra6 54. a4 Re6 55. Kf3 Re1 56. h5+ Kh6 (56... Kf7 $142 57. Rb5 (57. Rd7+ Re7 $18) 57... Bf8 58. Rb7+ Ke6 59. Rxa7 Rf1+ 60. Kg2 Rb1 61. Ra6+ Kf7) 57. Ne3 $18 Rb1 58. Nf5+ Kg5 59. Ne3+ Kh6 60. Rd3 Kg5 61. Ke4 a5 62. Kf3 Kh6 63. Nd5 (63. Rd7 $142 {Threatening mate with Nf5+.} f5 64. Kf4 (64. Nxf5+ Kg5 $18) (64. gxf5 Ba3 $18) 64... fxg4 65. Kf5 (65. Nxg4+ Kxh5 66. Rh7+ Kg6 $11) (65. Kxg4 Rg1+ 66. Kf4 Kxh5 $16)) 63... Ba3 $18 64. Ke4 ({Worse is} 64. Nxf6 Rf1+ 65. Kg3 Rxf6 $11) 64... Kg5 65. Ne3 $2 (65. Rf3 Re1+ 66. Re3 (66. Ne3 Bc1 $18)) 65... Bb4 $1 $18 66. Rd5+ Kh6 67. Rf5 (67. Rd7 $142 {White wants to mate with Nf5+.} Kg5 68. Rg7+ Kh4 69. h6) 67... Kg7 $18 68. Nd5 Re1+ 69. Kd3 Rd1+ 70. Kc4 Rc1+ 71. Kb5 Rc5+ 72. Kb6 Ba3 73. Nc7 Rc3 74. Ne8+ Kf7 75. Nxf6 Rxb3+ 76. Kxa5 Kg7 77. Nd5 Rh3 78. Ka6 Rh4 79. Rf4 Bd6 80. Re4 1-0

[Event "Indian Rapid Championship 2023-24"]
[Site "Nashik"]
[Date "2024.03.05"]
[Round "7.5"]
[White "Prraneeth Vuppala"]
[Black "Srihari L"]
[Result "1-0"]
[ECO "E70"]
[WhiteElo "2506"]
[BlackElo "2400"]
[Annotator "TA"]
[PlyCount "85"]
[EventDate "2024.03.02"]
[EventType "swiss"]
[EventCountry "IND"]
[SourceTitle "playchess.com"]
[Source "ChessBase"]
[SourceQuality "1"]
[TimeControl "900+10"]

1. d4 Nf6 2. c4 g6 3. Nc3 Bg7 4. e4 d6 5. Nge2 Nc6 6. d5 Ne5 7. Ng3 c6 8. Be2 h5 9. f4 Ned7 10. Be3 h4 11. Nf1 h3 12. g3 cxd5 13. cxd5 O-O 14. Nd2 Nb6 15. a4 a5 16. O-O Re8 17. Qb3 Nfd7 18. Nc4 Nxc4 19. Bxc4 Nf6 20. Bb6 Qd7 21. f5 Ra6 22. Bxa6 bxa6 23. Qc4 Ng4 24. Qe2 (24. Bxa5 $2 Qa7+ 25. Kh1 Nf2+ 26. Rxf2 Qxf2 $19) (24. fxg6 $16 fxg6 25. Bd4 (25. Bxa5 $2 Qa7+ 26. Kh1 Nf2+ 27. Kg1 Nd3+ 28. Kh1 Qe3 $19)) 24... Qb7 $1 $11 25. Bxa5 (25. Qxg4 Qxb6+ 26. Rf2 (26. Kh1 $2 Qxb2 27. Ne2 Qb4 $17) 26... Bd4 $17) 25... Ne5 (25... gxf5 $1 $11 26. exf5 Bd4+ 27. Kh1 Ne3) 26. Rac1 (26. fxg6 $14 fxg6 27. Nd1) 26... Qb3 (26... Bh6 $11 {keeps the balance.}) 27. Kh1 (27. Nd1 $1 $16) 27... gxf5 $11 28. exf5 Bb7 29. Qd1 Qxb2 (29... Qxd1 {simplifies} 30. Rfxd1 e6 31. Ne4 Bxd5 32. Rxd5 exd5 33. Nxd6 Rb8) 30. Rc2 $1 Qb3 31. Rd2 $2 (31. Re2 $1 $11 {and White has nothing to worry.} Qxd1 32. Rxd1) 31... Qc4 $2 ({Black should try} 31... Qxd1 $1 $19 32. Rdxd1 Nc4) 32. Rf4 Qc8 (32... Qc5 $5 33. Bb4 $8 Qe3 $11) 33. Qf1 Nd7 ({Better is} 33... e6 $11 34. fxe6 (34. Qxh3 exd5 35. Qg2 Nc4 $19) 34... Rxe6) 34. Ne4 (34. Rc4 $14 Qa8 35. Qxh3) 34... Nc5 {[%emt 0:00:11] [#]} (34... Nf6 $11 {remains equal.} 35. Nxf6+ (35. Qxh3 $2 Nxd5 36. Rxd5 Bxd5 $19) 35... exf6) 35. Ng5 (35. Qxh3 Nxe4 (35... Nb3 $2 36. Ng5 $18) 36. Rxe4 Qc1+ 37. Kg2 Bxd5 $15) (35. Bb6 $1 $16 {[%cal Rb6c5] Bxc5 is the strong threat.} Bxd5 (35... Nxe4 36. Rxe4 Bxd5 37. Rxd5 $16) 36. Rxd5 Nxe4 37. Rxe4) 35... Nb3 $2 {[%emt 0:00:08][%mdl 8192] [#]} (35... f6 $11 36. Nxh3 Nb3) 36. Rc4 $4 (36. Qxh3 $1 $18 {Intending Qh7+ and mate.} Nxd2 37. Qh7+ Kf8 38. Ne6+ (38. Bxd2 $2 Bxd5+ 39. Ne4 Rd8 $17) 38... Qxe6 39. fxe6 Bxd5+ 40. Kg1 Bxe6 41. Bxd2) 36... Qa8 (36... Nxd2 $142 37. Rxc8 Bxd5+ (37... Nxf1 $2 38. Rxe8+ Bf8 39. f6 $18) 38. Kg1 (38. Nf3 $2 Rxc8 39. Kg1 Nxf1 $19) 38... Bd4+ (38... Nxf1 $2 39. Rxe8+ Bf8 40. Kxf1 $18) (38... Rxc8 39. Qd3 $16) 39. Qf2 Bxf2+ 40. Kxf2 Rxc8 41. Bxd2 Bg2 (41... Rc2 $2 42. Ke2 $19)) 37. Qxh3 $2 (37. Rg4 Bxd5+ (37... Nxa5 38. Qxh3 Bxd5+ 39. Kg1 $17) 38. Kg1 Nxd2 (38... Nxa5 39. Qxh3 Rc8 40. f6 $15) 39. Bxd2) 37... Bxd5+ (37... Nxa5 38. Qh7+ Kf8 39. Rcd4 $11) (37... Nxd2 $142 38. Bxd2 Bxd5+ 39. Ne4 Bxc4 (39... Bxe4+ $2 40. Rxe4 Qxe4+ 41. Qg2 $19)) 38. Kg1 Qa7+ $2 (38... Nxa5 39. Qh7+ Kf8 40. Ne6+ fxe6 (40... Bxe6 $2 41. Rg4 $18) 41. Rf4 Qa7+ 42. Rdf2 $11) (38... Nxd2 $19 {has better winning chances.} 39. Qh7+ Kf8 40. Qxg7+ Kxg7 41. Bc3+ f6 (41... Kg8 $2 42. Rg4 $19)) 39. Rf2 $17 Bxc4 40. Qh7+ Kf8 41. Ne6+ Bxe6 $2 (41... fxe6 $17 {stays on course.} 42. fxe6+ Qxf2+ 43. Kxf2 Bxe6 (43... Nxa5 44. Qg6 $15)) 42. fxe6 $18 Nd4 $2 ({Don't play} 42... Nxa5 43. exf7 $18) (42... Qxf2+ $18 43. Kxf2 fxe6 (43... Nxa5 $2 {is the wrong capture.} 44. exf7 Kxf7 45. Qh5+ Kf8 46. Qxa5 $18)) 43. Rxf7# 1-0

[Event "Indian Rapid Championship 2023-24"]
[Site "Nashik"]
[Date "2024.03.05"]
[Round "7.6"]
[White "Priyanka Nutakki"]
[Black "Sriram, Jha"]
[Result "1/2-1/2"]
[ECO "A06"]
[WhiteElo "2272"]
[BlackElo "2312"]
[Annotator "TA"]
[PlyCount "72"]
[EventDate "2024.03.02"]
[EventType "swiss"]
[EventCountry "IND"]
[SourceTitle "playchess.com"]
[Source "ChessBase"]
[SourceQuality "1"]
[TimeControl "900+10"]

1. Nf3 c5 2. b3 Nc6 3. Bb2 d5 4. e3 Nf6 5. Bb5 Qb6 6. Bxc6+ Qxc6 7. Ne5 Qc7 8. O-O g6 9. f4 Bg7 10. Qf3 O-O 11. d3 {[%emt 0:00:19] [#]} Ng4 $1 12. Qg3 Nxe5 13. fxe5 ({White should try} 13. Bxe5 $11 Bxe5 14. fxe5) 13... f6 ({Black should play} 13... Bf5 $15) 14. Nd2 Be6 (14... fxe5 $6 15. Rxf8+ Bxf8 16. Bxe5 $14) 15. Nf3 Rac8 16. c4 Qd7 17. Rad1 Rcd8 18. d4 dxc4 19. d5 $1 cxb3 (19... Bxd5 $2 20. bxc4 Qe6 21. cxd5 (21. Rxd5 Rxd5 22. cxd5 Qxd5 $18) 21... Rxd5 22. Rxd5 Qxd5 23. Qe1 $18) 20. axb3 {[%emt 0:00:40] [#]} (20. exf6 $11 Bxf6 21. Ne5) 20... Bf5 $1 $17 (20... Bxd5 21. e4 $16) 21. Rd2 Qb5 (21... Be4 $17 22. Qh4 Bxf3 (22... Bxd5 $2 23. e4 $18)) 22. d6 $11 exd6 (22... Qxb3 $2 23. dxe7 Rxd2 24. exf8=Q+ Bxf8 (24... Kxf8 $2 25. Nxd2 Qxb2 26. Nc4 $18) 25. Nxd2 $16) 23. exf6 Bxf6 24. Bxf6 Rxf6 25. Qh4 $2 (25. Rdf2 $1 $11 {and White is okay.} Rff8 (25... Qxb3 26. Nh4 $14) 26. Nh4) 25... Rdf8 $1 $19 26. e4 (26. Rdf2 {is a better defense.} Kg7 (26... Qxb3 27. e4 $16) 27. e4) 26... Bd7 27. Rdf2 h5 (27... Qxb3 $2 28. Ng5 h5 29. Rxf6 Qe3+ 30. Qf2 Qxf2+ 31. R1xf2 Rxf6 32. Rxf6 $18) 28. Qg5 {[%emt 0:00:10] Strongly threatening Nd2.} Kg7 ({Inferior is} 28... Qxb3 29. e5 dxe5 30. Nxe5 (30. Nd2 Rxf2 31. Qxg6+ Kh8 $16) 30... Rxf2 31. Qxg6+ Kh8 32. Qh6+ Kg8 33. Qg6+ Kh8 34. Qxh5+ Kg8 35. Qg6+ Kh8 36. Qh5+ Kg8 37. Qg6+ Kh8 38. Qh6+ Kg8 39. Qg5+ Kh7 40. Qh5+ Kg7 41. Qg6+ Kh8 $11) 29. h3 c4 {[%emt 0:00:32] Threatens to win with ...Qxg5.} ({Weaker is} 29... Qxb3 30. Nh4 Qe6 31. Nf5+ Rxf5 32. Rxf5 Rxf5 33. exf5 $15) 30. e5 Rf5 (30... dxe5 $17 31. Nxe5 Qc5) 31. Qe7+ ({Better is} 31. bxc4 $1 $15 Qxc4 32. Qe7+ Qf7 33. Qxd6) 31... R8f7 $17 32. Qxd6 {[%emt 0:00:02] Nd4 is the strong threat.} Qb6 ({Stronger than} 32... Qxb3 33. e6 Bxe6 34. Qxe6 $18) (32... cxb3 $19 {And now ...Qc4 would win.} 33. e6 Rd5) 33. Qxb6 {[%emt 0:00:23] The position is equal.} axb6 34. bxc4 Bc6 35. Nd4 Rxf2 36. Rxf2 Re7 {[%emt 0:00:15] Weighted Error Value: White=0.24 (precise) /Black=0.25 (precise) .  Loses game:     	White=1     	---        Missed win:     	---       	Black=1      Mistake:       	White=4     	Black=3      Inaccurate:     	White=2     	Black=2      OK:         	White=11    	Black=5      Best:        	White=2     	Black=1      Strong:       	White=1     	Black=2} 1/2-1/2

[Event "Indian Rapid Championship 2023-24"]
[Site "Nashik"]
[Date "2024.03.05"]
[Round "7.7"]
[White "Kushagra Mohan"]
[Black "Nitin, S.."]
[Result "1-0"]
[ECO "B08"]
[WhiteElo "2351"]
[BlackElo "2338"]
[Annotator "TA"]
[PlyCount "103"]
[EventDate "2024.03.02"]
[EventType "swiss"]
[EventCountry "IND"]
[SourceTitle "playchess.com"]
[Source "ChessBase"]
[SourceQuality "1"]
[TimeControl "900+10"]

1. e4 g6 2. d4 Bg7 3. Nf3 c6 4. h3 d6 5. a4 Nf6 6. Nc3 O-O 7. Be2 Qc7 8. O-O e5 9. dxe5 dxe5 10. Be3 Nh5 11. Bc4 {[%emt 0:01:48] B08: Pirc Defence: Classical System.} Nf4 12. Qb1 Qe7 13. Bxf4 $146 ({Predecessor:} 13. Kh2 Qf6 14. Ng1 h5 15. b4 Nd7 16. a5 Re8 17. b5 Bf8 18. a6 Nc5 19. Qa2 {0-1 Jurcik,M (2473)-Matlakov,M (2707) EU-ch 19th Batumi 2018 (5)}) 13... exf4 14. Qc1 Qb4 15. Bb3 Bxc3 (15... Nd7 $11 {keeps the balance.}) 16. bxc3 $16 Qxe4 17. a5 Qf5 $2 {[%emt 0:01:01] [#]} (17... Na6 $16 18. Re1 Qf5) 18. Ra4 $1 $18 g5 19. Re1 Nd7 20. h4 h6 21. hxg5 hxg5 22. Qd2 Qf6 (22... Qg6 $16 {was called for.}) 23. Rd4 $18 Nc5 $2 (23... Qg7 24. Rxd7 Bxd7) 24. Re5 $18 Nxb3 25. cxb3 Bf5 26. Rd6 Be6 27. Rxg5+ Kh7 28. Rg4 Rad8 29. Rxf4 (29. Qxf4 $2 Qxf4 (29... Qxc3 30. Qh2#) 30. Rxf4 Rxd6 $19) (29. Qd3+ $142 Kh6 30. Nd4 (30. Rh4+ Qxh4 31. Nxh4 Rxd6 $18) 30... Bxg4 31. Rxf6+ Kg7 32. Rxf4) 29... Rxd6 $18 30. Qxd6 (30. Rxf6 Rxd2 31. Nxd2 Rd8 $11) 30... Rd8 31. Qc7 Rd1+ 32. Kh2 Qg6 $2 (32... Rd7 33. Rxf6 Rxc7 34. Ng5+ Kg8 35. Nxe6 fxe6 36. Rxe6 Rh7+ 37. Kg3 Rd7) 33. Qe5 Kg8 34. Rh4 Kf8 35. Qb8+ Ke7 36. Qxb7+ Bd7 37. Qxa7 Qd6+ 38. g3 c5 39. b4 Rd3 (39... Qc6 $142 40. Rf4 (40. Qxc5+ Qxc5 41. Re4+ Kf8 $18) 40... Rd5 41. Re4+ Kf8 42. Qb8+ Qc8) 40. Re4+ $18 Kf8 41. bxc5 (41. Qxc5 Qxc5 42. bxc5 Rxf3 $19) 41... Qh6+ 42. Rh4 Qf6 43. Qb8+ Ke7 44. Qe5+ Be6 45. Qxf6+ Kxf6 46. Nd4 Bd5 47. Rh5 Be4 48. f3 Ba8 49. Rh6+ Ke7 50. Ra6 Bd5 (50... Bxf3 $142 51. Ra7+ Kf6 52. Nxf3 Rxf3) 51. Rd6 $18 Bc4 52. Nc6+ 1-0

[Event "Indian Rapid Championship 2023-24"]
[Site "Nashik"]
[Date "2024.03.05"]
[Round "7.8"]
[White "Moksh Amit Doshi"]
[Black "Kherdekar Arnav"]
[Result "0-1"]
[ECO "A70"]
[WhiteElo "2353"]
[BlackElo "1846"]
[Annotator "TA"]
[PlyCount "86"]
[EventDate "2024.03.02"]
[EventType "swiss"]
[EventCountry "IND"]
[SourceTitle "playchess.com"]
[Source "ChessBase"]
[SourceQuality "1"]
[TimeControl "900+10"]

1. d4 Nf6 2. c4 c5 3. d5 e6 4. Nc3 exd5 5. cxd5 d6 6. e4 g6 7. h3 Bg7 8. Nf3 O-O 9. Bd3 b5 10. Nxb5 Nxe4 11. O-O a6 12. Na3 Nf6 13. Nc4 $1 Re8 (13... Nxd5 $2 14. Be4 Nc7 15. Bxa8 $18 (15. Qxd6 Qxd6 16. Nxd6 Ra7 $16) (15. Nxd6 Ra7 $16)) 14. Bg5 {[%emt 0:01:32] The position is equal.} h6 (14... Bb7 $11) 15. Bh4 (15. Bf4 $14) 15... Bb7 $11 16. Bc2 a5 17. Bg3 Bf8 18. Ba4 Re4 19. Ne3 Nbd7 20. Bc2 Re8 21. h4 (21. Ba4 $11 {remains equal.}) 21... Nb6 $17 22. Qd2 Nbxd5 (22... Nfxd5 23. Nxd5 Nxd5 (23... Bxd5 24. h5 $15) 24. Rad1 $17) 23. Rad1 (23. Nxd5 $17 {was necessary.} Bxd5 (23... Nxd5 24. h5 $15) 24. Ba4) 23... Nxe3 $19 24. fxe3 d5 25. Qc3 (25. Ne5 $17 Bd6 26. Nxf7 Kxf7 27. Qd3 Bxg3 28. Qxg6+ Ke6 29. Qxg3) 25... Qe7 26. Bf4 Bg7 27. Qa3 Nh5 28. Ba4 Red8 29. Rfe1 Rac8 30. Bh2 Nf6 31. Bb5 Ne4 32. Re2 Bf6 33. Bf4 $2 (33. Qxa5 {was worth a try.} c4 (33... Bxh4 34. Nxh4 Qxh4 35. Qb6 $17) 34. Qb6) 33... Kh7 ({Not} 33... Bxh4 34. Qxa5 Bf6 35. Rf1 $19) (33... g5 $142 34. hxg5 hxg5) 34. h5 $2 (34. Bh2 {is tougher.}) 34... gxh5 $2 (34... g5 $19 {is more deadly.} 35. Bh2 g4) 35. Bd3 Rg8 36. Qxa5 c4 (36... Kh8 $17 {Threatens to win with ...Ng3.} 37. Kh2 Rc6) 37. Bb1 Rg6 38. Rxd5 {[%emt 0:00:40] [#]} (38. Be5 $15) 38... Bxd5 (38... c3 $1 $17 39. Ne5 cxb2 (39... Bxd5 40. Qxd5 Bxe5 41. Qxe4 $17)) 39. Qxd5 $11 c3 40. Bxe4 {[%emt 0:01:15] This pair of bishops is nice.} cxb2 $1 {[%emt 0:00:01][%cal Oc8c5] aiming for ...Rc5!} 41. Nd2 (41. Bxg6+ $2 {loses.} fxg6 $19) ({White should play} 41. Re1 $11) 41... Rc1+ $15 {[%emt 0:00:13][%mdl 1024] Black has compensation.} 42. Kh2 Bc3 {[%emt 0:00:12][%cal Re7h4] Some like it hot} 43. Nb1 $2 {[%emt 0:00:22][%mdl 8192] [#]} (43. g3 $15 Bxd2 44. Bxg6+ fxg6 45. Bd6) 43... Qh4# {[%emt 0:00:05] Weighted Error Value: White=0.59/Black=0.41.  Loses game:     	White=1     	---        Missed win:     	---       	Black=1      Mistake:       	White=8     	Black=4      Inaccurate:     	---       	Black=1      OK:         	White=7     	Black=11     Best:        	White=1     	Black=2      Strong:       	White=1     	Black=1} 0-1

[Event "Indian Rapid Championship 2023-24"]
[Site "Nashik"]
[Date "2024.03.05"]
[Round "7.9"]
[White "Arhan Chethan Anand"]
[Black "Mitrabha, Guha"]
[Result "1/2-1/2"]
[ECO "A47"]
[WhiteElo "2366"]
[BlackElo "2526"]
[Annotator "TA"]
[PlyCount "112"]
[EventDate "2024.03.02"]
[EventType "swiss"]
[EventCountry "IND"]
[SourceTitle "playchess.com"]
[Source "ChessBase"]
[SourceQuality "1"]
[TimeControl "900+10"]

1. d4 Nf6 2. Bf4 b6 3. e3 Bb7 4. Nf3 g6 5. Bd3 Bg7 6. c4 {[%emt 0:00:02] A47: 1 d4 Nf6 2 Nf3 b6: Torre, London and Colle Systems.} d6 7. Nc3 Nbd7 8. Bg3 O-O 9. O-O Nh5 10. Bh4 h6 11. Rc1 Re8 $146 ({Predecessor:} 11... f5 12. Nd2 a6 13. g4 g5 14. Bxf5 gxh4 15. Be6+ Kh8 16. gxh5 Nf6 17. Nd5 Nxd5 18. cxd5 {1-0 Pestka,M (1334)-Hutton,A (1112) IECC P email 1999}) 12. Nd2 Nhf6 13. e4 e5 14. d5 Bc8 15. f3 Nf8 16. b4 a5 17. a3 g5 18. Bf2 Ng6 19. c5 axb4 20. axb4 bxc5 21. bxc5 g4 22. cxd6 cxd6 23. Bb5 gxf3 24. Qxf3 Rf8 25. Nc4 Bg4 26. Qe3 Nf4 27. Ra1 Rxa1 28. Rxa1 N6h5 29. Kh1 Qg5 30. Rg1 $1 (30. Nxd6 Qg6 $11) 30... Qg6 31. h3 Bc8 32. g4 (32. Kh2 $16) 32... Nf6 $11 33. Nxd6 Nxg4 $2 (33... Bxg4 $1 $11 34. hxg4 Nxg4 35. Rxg4 Qxg4) 34. Nxc8 $18 Nxf2+ (34... Nxh3 {is a better defense.} 35. Ne7+ Kh7 36. Nxg6 (36. Qxh3 $2 {is the wrong capture.} Nxf2+ 37. Kh2 Qxg1+ 38. Kxg1 Nxh3+ $19) 36... Nhxf2+ 37. Kg2 Nxe3+ 38. Kxf2 Rc8) 35. Qxf2 $18 Nxh3 36. Ne7+ Kh7 37. Qf5 Qxf5 38. Nxf5 (38. exf5 $142 {Strongly threatening Rf1.} Nxg1 39. Kxg1) 38... Nxg1 $18 39. Kxg1 Bf6 {[%emt 0:00:07] [#]} 40. d6 $1 Rb8 41. Ne7 (41. Nd5 $18 Kg6 42. d7) 41... Rd8 $16 {[%emt 0:00:36] [#]} 42. Nf5 (42. Ncd5 $1 $16 Rxd6 43. Nc8 (43. Nf5 Re6 $11)) 42... Rb8 $1 $18 43. d7 Bd8 44. Kg2 (44. Nd6 $142) 44... Ba5 45. Nd6 Bxc3 46. Nb7 $1 Rxb7 ({Avoid the trap} 46... Rg8+ $2 47. Kh3 $18) 47. d8=Q Rxb5 48. Qc7 $1 Rb2+ $1 49. Kh3 (49. Kf3 $5 Bd4 $8 50. Qxf7+ Kh8 51. Kg3 $11) 49... Bd4 50. Qxf7+ Kh8 51. Qf8+ (51. Qe7 $14) 51... Kh7 $11 52. Qf7+ (52. Kg4 $11) 52... Kh8 $14 53. Qe8+ (53. Qe7 $14) 53... Kg7 $11 54. Qe7+ Kg6 55. Qe6+ Kg7 56. Qe7+ Kg6 1/2-1/2

[Event "Indian Rapid Championship 2023-24"]
[Site "Nashik"]
[Date "2024.03.05"]
[Round "7.10"]
[White "Karthik Venkataraman"]
[Black "Wagh Suyog"]
[Result "0-1"]
[ECO "B12"]
[WhiteElo "2609"]
[BlackElo "2250"]
[Annotator "TA"]
[PlyCount "76"]
[EventDate "2024.03.02"]
[EventType "swiss"]
[EventCountry "IND"]
[SourceTitle "playchess.com"]
[Source "ChessBase"]
[SourceQuality "1"]
[TimeControl "900+10"]

1. e4 c6 2. d4 d5 3. e5 Bf5 4. h4 h5 5. Bd3 Bxd3 6. Qxd3 Qa5+ 7. Nd2 {[%emt 0:00:03][%cal Oe5e6] e6! is the strong threat.} e6 8. Ngf3 {[%emt 0:00:02] The position is equal.} Nh6 9. O-O Nf5 10. Nb3 Qa6 11. Qc3 Be7 12. Bg5 Nd7 13. Bxe7 Nxe7 14. Nc1 Rc8 15. Nd3 Nf5 16. Nf4 c5 17. dxc5 Rxc5 18. Qd2 g6 19. c3 O-O 20. Rfe1 Rc4 21. g3 (21. b3 $11 Rc7 22. Rac1) 21... Nc5 $15 22. Ng5 ({White should play} 22. Qe2 $15) 22... Ne4 23. Nxe4 Rxe4 24. a3 Qb6 25. Kh2 Qc7 26. Nd3 Kh7 {[%emt 0:00:10] Black is more active.} 27. f3 Rxe1 28. Rxe1 Rd8 29. g4 hxg4 (29... Nxh4 30. Kg3 $18) 30. fxg4 Nh6 31. Nf2 Qb6 {[%emt 0:00:33][%cal Ob6f2] [#] ...Qxf2+! would now be deadly.} 32. Kh3 Qb5 (32... d4 $11 {was preferrable.} 33. Ne4 dxc3 34. Qxc3 Qb5) 33. Ne4 (33. Kg2 $14) 33... dxe4 $11 34. Qxd8 Qxb2 35. Qd4 Nxg4 $1 36. Qg1 {[%emt 0:00:50][%mdl 8192] [#] Prevents Qh2+.} (36. Kxg4 $2 {gets mated.} Qg2+ (36... Qxa3 $2 {loses.} 37. h5 $18) 37. Kf4 Qf3+ 38. Kg5 Qf5#) (36. Rg1 $11 Nh6 37. h5 gxh5 38. Qxe4+ Nf5 39. Qf3) 36... Nf2+ (36... Qxc3+ $142 37. Qg3 Nf2+ (37... Qxe5 $2 {perishes.} 38. Qxg4 Qd6 39. a4 $18) 38. Kg2 Qxe1 39. Qxf2 Qxf2+ 40. Kxf2 Kh6) 37. Kg3 Qxc3+ 38. Kxf2 Qf3# {[%emt 0:00:01] Weighted Error Value: White=0.44/Black=0.32.  Loses game:     	White=1     	---        Mistake:       	White=3     	Black=2      Inaccurate:     	White=3     	Black=3      OK:         	White=11    	Black=10     Best:        	---       	Black=2      Strong:       	---       	Black=1} 0-1